 Dungeon Crawl Stone Soup version 0.29.1-13-g9f3cf754e1 (webtiles) character file.

Game seed: 16445629174480504527

65 Ayven the Ruffian (level 3, 0/28 HPs)
             Began as a Draconian Transmuter on Feb 10, 2023.
             Slain by a scorpion (4 damage)
             ... on level 2 of the Dungeon.
             The game lasted 00:09:28 (1258 turns).

Ayven the Ruffian (Draconian Transmuter)            Turns: 1258, Time: 00:09:29

Health: 0/28       AC:  5    Str: 14    XL:     3   Next: 94%
Magic:  6/7        EV: 12    Int: 13    God:
Gold:   36         SH:  0    Dex: 11    Spells: 6/7 levels left

rFire   . . .      SeeInvis .   c - staff of death
rCold   . . .      Faith    .   (no shield)
rNeg    + . .      Spirit   .   (body armour unavailable)
rPois   .          Reflect  .   (helmet currently unavailable)
rElec   .          Harm     .   (no cloak)
rCorr   .          Rampage  .   (no gloves)
Will    .....                   (boots currently unavailable)
Stlth   +.........              (no amulet)
HPRegen 0.09/turn               (no ring)
MPRegen 0.10/turn               (no ring)

@: lethally poisoned (0 -> -18), appendages (expiring)
A: horns 2, talons 2, AC +5, unfitting armour, cold-blooded
a: End Transformation


You were on level 2 of the Dungeon.
You had temporarily grown beastly horns and talons.
You visited 1 branch of the dungeon, and saw 2 of its levels.

You collected 36 gold pieces.

Inventory:

Magical Staves
 c - a staff of death (weapon)
Scrolls
 b - 2 scrolls of identify
 d - 2 scrolls of magic mapping
 e - 2 scrolls of blinking {unknown}
 g - a scroll of silence {unknown}
Potions
 a - 2 potions of lignification


   Skills:
 + Level 1.2 Fighting
 + Level 0.2 Staves
 + Level 2.1 Dodging
 - Level 3.4 Unarmed Combat
 + Level 2.8 Spellcasting
 + Level 2.7 Transmutations


You had 6 spell levels left.
You knew the following spells:

 Your Spells              Type           Power      Damage    Failure   Level
a - Beastly Appendage     Tmut           18%        N/A       8%          1

Your spell library contained the following spells:

 Spells                   Type           Power      Damage    Failure   Level
 Wereblood                Tmut           9%         N/A       12%         2
 Spider Form              Tmut/Pois      5%         N/A       36%         3
 Ice Form                 Ice/Tmut       5%         N/A       78%         4


Dungeon Overview and Level Annotations

Branches:
Dungeon (2/15)

Altars:


Innate Abilities, Weirdness & Mutations

You have temporarily grown beastly horns and talons.
Your plain brown scales are hard. (AC +5)
You cannot fit into any form of body armour.
You are cold-blooded and may be slowed by cold attacks.


Message History

A scorpion comes into view.
You hit Jessica. Your kick misses Jessica. You headbutt Jessica.
Jessica is almost dead.
Jessica barely misses you.
You hit Jessica but do no damage. You claw Jessica.
You kill Jessica!
You hit the scorpion but do no damage. The scorpion closely misses you.
You hit the scorpion but do no damage.
You claw the scorpion, but do no damage.
The scorpion stings you. The scorpion misses you.
You hit the scorpion but do no damage.
You claw the scorpion, but do no damage.
The scorpion barely misses you.
You hit the scorpion but do no damage. You claw the scorpion.
The scorpion is moderately wounded.
Your transformation is almost over.
The scorpion stings you but does no damage.
You closely miss the scorpion.
You claw the scorpion, but do no damage.
Your punch misses the scorpion.
The scorpion is moderately wounded.
The scorpion stings you. x2
You are poisoned.
The scorpion poisons you!
You hit the scorpion. Your headbutt misses the scorpion.
Your tail-slap misses the scorpion.
The scorpion is heavily wounded.
You feel very sick. The scorpion stings you.
You are lethally poisoned!
The scorpion poisons you!
You barely miss the scorpion. Your kick misses the scorpion.
You headbutt the scorpion.
Your tail-slap misses the scorpion.
The scorpion is severely wounded.
* * * LOW HITPOINT WARNING * * *
You feel very sick. The scorpion stings you.
* * * LOW HITPOINT WARNING * * *
The scorpion stings you.
You die...

... ..# ...
#..#... ....
####.......
..###..........
..............
##............
#..).......#..
###.s@.......<..
................#
..###...........#
................
.............#$#.
...##....!....# #
..# #.........#
## #....)....#
#.........#


You could see a scorpion.

Vanquished Creatures
  Jessica (D:2)
  2 dart slugs (D:1)
  2 ball pythons (D:1)
  2 endoplasms (D:1)
  A giant cockroach (D:1)
  3 goblins (D:1)
  6 hobgoblins (D:1)
  2 jackals (D:1)
  A quokka (D:1)
  A bat (D:1)
  A frilled lizard (D:1)
  7 kobolds (D:1)
  4 rats (D:1)
33 creatures vanquished.

Notes
Turn   | Place    | Note
-------+----------+-------------------------------------------
     0 | D:1      | Ayven the Draconian Transmuter began the quest for the Orb.
     0 | D:1      | Reached XP level 1. HP: 16/16 MP: 3/3
    97 | D:1      | Reached XP level 2. HP: 15/23 MP: 1/5
   698 | D:1      | Reached XP level 3. HP: 28/28 MP: 4/6
  1243 | D:2      | Noticed Jessica
  1248 | D:2      | Noticed a scorpion
  1250 | D:2      | Killed Jessica
  1258 | D:2      | Slain by a scorpion

Illustrated notes

Levels and vault maps discovered:
D:1:      shiori_arrival_elements, layout_basic, st_stairs_5
D:2:      layout_rooms, nicolae_ecumenical_lake_church, serial_shops,
          shop_fountains, minmay_fountain_box, minmay_tromino_v4_b, uniq_jessica

Skill      XL: |  1  2 |
---------------+-------+-----
Dodging        | 2 |  2.1
Fighting       | |  1.2
Staves         | |  0.2
Unarmed Combat | |  3.4
Spellcasting   | |  2.8
Transmutations | |  2.7

Action                   || total
-------------------------++-------
Melee: Unarmed           ||    38
       Kick              ||    22
       Tailslap          ||     8
       Headbutt          ||     5
       Staff             ||    44
       Punch             ||     3
 Cast: Beastly Appendage ||    18
  Use: Potion            ||     3
       Scroll            ||     1
Armor: Skin              ||    26
Dodge: Dodged            ||    55
